 Dungeon Crawl Stone Soup version 0.24.1-14-gf8d2b509d9 (webtiles) character file.

Game seed: 8088682797378232731, levelgen mode: deterministic

23384 Delver the Archer (level 12, -7/94 HPs)
             Began as a Centaur Arcane Marksman on May 31, 2020.
             Was an Elder of Yredelemnul.
             Mangled by a blink frog (9 damage)
             ... on level 4 of the Lair of Beasts on June 2, 2020.
             The game lasted 09:53:31 (19603 turns).

Delver the Archer (Centaur Arcane Marksman)        Turns: 19603, Time: 09:53:32

Health: -7/94      AC: 12    Str: 13    XL:     12   Next: 71%
Magic:  20/24      EV: 11    Int: 15    God:    Yredelemnul [****..]
Gold:   618        SH:  0    Dex: 12    Spells: 1/18 levels left

rFire    . . .     SeeInvis +   s - +4 trident
rCold    . . .     Gourm    .   (no shield)
rNeg     . . .     Faith    .   S - +3 troll leather armour
rPois    .         Spirit   .   F - +2 hat {MR+}
rElec    .         Reflect  .   (no cloak)
rCorr    .         Harm     .   (no gloves)
MR       ++...     Rnd*Rage +   (no barding)
Stlth    +.........             b - amulet of magic regeneration
HPRegen  0.65/turn              T - ring of protection from magic
MPRegen  0.44/turn              q - ring of magical power

@: lethally poisoned (-7 -> -7), about to teleport, berserk cooldown, very
slightly contaminated, slowed, studying Necromancy
A: large, hooves 3, slimy green scales 1, see invisible, berserk 1, deformed
body, speed 2, low mp 1, tough skin 3
a: Recall Undead Slaves, Injury Mirror, Animate Dead, Drain Life, Renounce
Religion


You were on level 4 of the Lair of Beasts.
You worshipped Yredelemnul.
Yredelemnul was greatly pleased with you.
You were not hungry.

You visited 4 branches of the dungeon, and saw 18 of its levels.

You collected 878 gold pieces.
You spent 260 gold pieces at shops.

Inventory:

Hand Weapons
 a - a +1 shortbow of flaming
 c - a +2 whip of freezing
 e - the +6 hand axe of Defence {chop, rF- Str+4}
   (You found it on level 2 of the Swamp)

   It inflicts extra damage upon your enemies.
   It affects your strength (+4).
   It makes you vulnerable to fire.
 h - the +3 long sword "Lyfot" {vamp, *Drain rF+ Int-4 Dex+9}
   (You found it on level 7 of the Dungeon)

   It inflicts no extra harm, but heals its wielder when it wounds a living foe.
   It affects your intelligence (-4).
   It affects your dexterity (+9).
   It protects you from fire.
   It causes draining when unequipped.
 l - a +1 mace of protection
 s - a +4 trident (weapon)
 z - a +2 rapier of distortion
 E - a +4 quarterstaff of chaos
 U - a +2 dagger of venom
Missiles
 x - 76 arrows
 B - 32 poisoned darts (quivered)
 J - 6 curare-tipped darts
 M - 4 throwing nets
Armour
 F - a +2 hat of magic resistance (worn)
 S - a +3 troll leather armour (worn)
Magical Staves
 w - an uncursed staff of energy
Jewellery
 b - an amulet of magic regeneration (around neck)
 k - an uncursed amulet of harm
 o - an uncursed amulet of the gourmand
 q - a ring of magical power (right hand)
 P - an uncursed ring of fire
 T - a ring of protection from magic (left hand)
 V - the amulet of the Air {Inacc +Fly rElec EV+5 RMsl}
   (You found it on level 7 of the Dungeon)

   [amulet of inaccuracy]

   It reduces the accuracy of all your attacks.
   It affects your evasion (+5).
   It insulates you from electricity.
   It lets you fly.
   It protects you from missiles.
Wands
 f - a wand of polymorph (11)
 y - a wand of flame (12)
 A - a wand of paralysis (13)
 D - a wand of digging (18)
 I - a wand of acid (7)
 Z - a wand of disintegration (4)
Scrolls
 i - a scroll of holy word
 j - a scroll of identify
 m - a scroll of fear
 p - 2 scrolls of teleportation
 t - a scroll of amnesia
 K - a scroll of magic mapping
 Q - a scroll of fog {unknown}
 Y - 2 scrolls of immolation
Potions
 n - 3 potions of berserk rage
 r - a potion of agility
 u - 2 potions of lignification
 v - 3 potions of mutation
 C - a potion of resistance
 G - a potion of magic
 H - 2 potions of flight
 N - 3 potions of might
 R - 3 potions of heal wounds
 W - a potion of haste {unknown}
Books
 X - a manual of Necromancy
Comestibles
 d - 3 rations


   Skills:
 + Level 5.6 Fighting
 + Level 1.1(5.1) Axes
 + Level 0.8(2.3) Maces & Flails
 * Level 7.8(8.2) Polearms
 + Level 3.1(6.0) Staves
 * Level 12.7 Bows
 + Level 7.4 Throwing
 - Level 1.2 Armour
 + Level 3.8 Dodging
 - Level 0.4 Stealth
 - Level 3.6 Spellcasting
 + Level 4.2 Conjurations
 + Level 8.3 Hexes
 + Level 2.2 Summonings
 + Level 4.8 Translocations
 + Level 4.1 Invocations
 - Level 1.4 Evocations


You had one spell level left.
You knew the following spells:

 Your Spells              Type           Power        Failure   Level  Hunger
a - Corona                Hex            ####...      1%          1    None
b - Portal Projectile     Hex/Tloc       ###...       4%          3    ###....
c - Blink                 Tloc           N/A          4%          2    ##.....
d - Call Imp              Summ           #.......     14%         2    ##.....
e - Dazzling Spray        Conj/Hex       ###...       5%          3    ###....
f - Tukima's Dance        Hex            ####....     2%          3    ###....
g - Mephitic Cloud        Conj/Pois/Air  #.......     38%         3    ###....

Your spell library contained the following spells:

 Spells                   Type           Power        Failure   Level  Hunger
 Magic Dart               Conj           ###.         4%          1    None
 Slow                     Hex            ####....     1%          2    ##.....
 Confuse                  Hex            ####....     2%          3    ###....
 Ensorcelled Hibernation  Hex/Ice        ###...       7%          2    ##.....
 Cause Fear               Hex            ####......   8%          4    ####...
 Inner Flame              Hex/Fire       ###.....     13%         3    ###....
 Conjure Flame            Conj/Fire      #.......     30%         3    ###....
 Leda's Liquefaction      Hex/Erth       ###.......   41%         4    ####...
 Iskenderun's Battlesphe  Conj/Chrm      #.......     95%         5    ######.
 Venom Bolt               Conj/Pois      #.........   95%         5    ######.
 Bolt of Magma            Conj/Fire/Erth #.........   98%         5    ######.
 Iron Shot                Conj/Erth      #.........   100%        6    #######
 Orb of Destruction       Conj           ###.......   100%        7    #######
 Spellforged Servitor     Conj/Summ      ##........   100%        7    #######


Dungeon Overview and Level Annotations

Branches:
Dungeon (11/15)            Temple (1/1) D:4            Lair (4/6) D:11
  Swamp (2/4) Lair:2       Spider (0/4) Lair:3
    Orc: D:9-12

Altars:
Ashenzari
Cheibriados
Dithmenos
Elyvilon
Fedhas
Gozag
Hepliaklqana
Kikubaaqudgha
Makhleb
Nemelex Xobeh
Okawaru
Qazlal
Ru
Sif Muna
Trog
Uskayaw
Vehumet
Wu Jian
Xom
Yredelemnul
Zin
The Shining One

Shops:
D:4 :

Annotations:
Lair:3 2 transporters, Koazxurinno's ghost, journeyman DEFE
Lair:4 exclusion: 2 oklob plants


Innate Abilities, Weirdness & Mutations

You have hooves in place of feet.
Armour fits poorly on your strangely shaped body.
You cover ground very quickly.
You have extremely tough skin. (AC +3)
You are partially covered in slimy green scales. (AC +2)
You have supernaturally acute eyesight. (SInv)
You tend to lose your temper in combat.
Your magical capacity is low. (-10% MP)


Message History

* * * LOW HITPOINT WARNING * * *
The meliai completely misses your hell rat zombie.
The meliai barely misses your flying skull.
The meliai stings you!
* * * LOW HITPOINT WARNING * * *
The killer bee closely misses your flying skull.
Something stings your flying skull.
The meliai mumbles some strange prayers to its god against you.
Something smites you!
* * * LOW HITPOINT WARNING * * *
The blink frog barely misses you.
The killer bee completely misses your flying skull.
Something barely misses your flying skull.
Your flying skull barely misses something.
The killer bee barely misses your flying skull.
Your hell rat zombie bites the meliai!
Yredelemnul accepts your kill.
You feel a bit more experienced. The blink frog hits you!
You die...
Your body rises from the dead as a mindless zombie.

....yyyYy## ###
.#.y#y.#..### #...
##.Yy###...##
#..#r.#..#..#y.###
#.yY###...###...##
#..#yY#yy#..#†.#V.###
#..y ##Syz###...###.§.##
#.y#
#..#yZ#(.#Z.#.V#..####
..
#Yk.###@Fy###...###...#.
# #y.#.
#y.#..#..#..#..#..# ..y
# ...###...###...#...#
y#
#..#..#..#..#..#......
...###...###...###....#
..#..#..#..#..#Z.#.....#
y ##... ##...###Z..###..
#..#..#..#..#..#..#
#...###...###....#


You could see a catoblepas, a black mamba, a yak, a blink frog, a meliai, a hell
rat, 7 killer bees, a friendly flying skull and a friendly hell rat zombie.

Vanquished Creatures
  Gastronok (D:9)
  Harold (D:7)
  Sonja (D:10)
  An unseen horror (D:10)
  Pikel (D:6)
  A cyclops (Swamp:2)
  Joseph (D:9)
  4 spiny frogs
  2 centaur skeletons
  A kobold demonologist (D:11)
  5 komodo dragons
  3 trolls
  A tyrant leech (Swamp:1)
  A hippogriff (Lair:3)
  A blink frog (Lair:2)
  21 yaks
  A wyvern (D:9)
  3 hungry ghosts
  A swamp worm (Swamp:2)
  3 water moccasins
  4 porcupines
  2 sky beasts
  A necrophage (D:9)
  A phantom (D:8)
  5 wolves
  An ogre (D:9)
  2 centaurs (D:5)
  3 crocodiles
  Blork the orc (D:6)
  2 big kobolds
  6 bullfrogs
  10 scorpions
  5 killer bees
  4 howler monkeys
  2 bullfrog zombies
  A crimson imp (D:5)
  A centaur zombie (D:10)
  5 hounds
  A jelly (D:10)
  Crazy Yiuf (D:3)
  11 orc wizards
  7 orc priests
  2 iguanas (D:11)
  9 worker ants
  A killer bee zombie (D:6)
  A hound skeleton (D:6)
  3 worker ant zombies
  A howler monkey skeleton (D:6)
  Robin (D:1)
  9 adders
  5 shadow imps
  3 oozes
  An adder skeleton (D:4)
  3 worms
  3 dart slugs
  7 leopard geckos
  25 orcs
  5 bats
  7 giant cockroaches
  11 hobgoblins
  3 jackals (D:4)
  16 kobolds
  3 quokkas
  3 ball pythons
  5 frilled lizards
  A giant cockroach zombie (D:6)
  15 goblins
  8 rats
  A fungus (D:3)
282 creatures vanquished.

Vanquished Creatures (collateral kills)
  A hydra (Lair:2)
  A two-headed ogre (D:11)
  A death yak (Lair:4)
  A death drake (Lair:2)
  An ugly thing (D:10)
  A black mamba (Lair:2)
  A gargoyle (D:11)
  A spiny frog (Lair:2)
  A centaur skeleton (D:11)
  2 komodo dragons
  A tyrant leech (Swamp:2)
  A troll (D:10)
  A dream sheep (Lair:3)
  3 blink frogs (Lair:2)
  A bog body (Swamp:2)
  3 hippogriffs
  A wyvern (Lair:2)
  10 yaks
  A basilisk (Lair:1)
  A swamp worm (Swamp:1)
  A swamp worm (shapeshifter) (D:10)
  4 water moccasins
  An ice beast (D:5)
  2 orc warriors
  2 ogres
  An eye of draining (D:10)
  2 crocodiles (Lair:1)
  3 wolves (Lair:4)
  A centaur (D:10)
  2 big kobolds
  4 bullfrogs
  13 killer bees (Lair:4)
  4 wights (D:10)
  2 howler monkeys
  A hound (D:5)
  2 orc wizards (D:6)
  A worker ant (D:6)
  A hell rat (Lair:4)
  A hound skeleton (D:7)
  An adder zombie (D:6)
  An adder skeleton (D:9)
  A worm (D:5)
  8 orcs
  3 kobolds (D:6)
  5 fungi
  2 plants
103 creatures vanquished.

Vanquished Creatures (others)
  4 dream sheep (Lair:3)
  11 flying skulls
  A two-headed ogre zombie (D:11)
  A spiny frog zombie (Lair:2)
  A blink frog zombie (Lair:2)
  A wyvern zombie (D:9)
  3 komodo dragon zombies
  3 water moccasin zombies (Lair:3)
  6 yak zombies
  2 wights
  A yak skeleton (Lair:3)
  A centaur zombie (D:10)
  A hound (D:7)
  5 bullfrog zombies
  2 porcupine zombies
  4 killer bee zombies (Lair:4)
  A big kobold zombie (D:11)
  An ogre zombie (D:9)
  A mummy (Lair:2)
  2 worker ant zombies
  2 scorpion zombies
  A shadow imp (D:7)
  A worm zombie (Lair:3)
  An orc skeleton (D:9)
  11 orc zombies
  An adder skeleton (D:9)
  2 kobold zombies (D:6)
  A leopard gecko skeleton (D:10)
  A fungus (Lair:2)
  2 plants
75 creatures vanquished.

Grand Total: 460 creatures vanquished

Notes
Turn   | Place    | Note
-------+----------+-------------------------------------------
     0 | D:1      | Delver the Centaur Arcane Marksman began the quest for the
                  | Orb.
     0 | D:1      | Reached XP level 1. HP: 16/16 MP: 2/2
   237 | D:1      | Reached XP level 2. HP: 23/23 MP: 3/3
   302 | D:1      | Reached skill level 3 in Bows
  1444 | D:2      | Reached XP level 3. HP: 27/28 MP: 4/4
  1449 | D:2      | Learned a level 3 spell: Portal Projectile
  1473 | D:2      | Noticed Robin
  1833 | D:1      | Killed Robin
  2344 | D:2      | Reached XP level 4. HP: 35/36 MP: 5/5
  3497 | D:3      | Found a radiant altar of Vehumet.
  3524 | D:3      | Reached skill level 1 in Throwing
  3565 | D:3      | You fall into a shaft and drop 2 floors!
  3565 | D:5      | Entered Level 5 of the Dungeon
  3740 | D:3      | Gained mutation: You have supernaturally acute eyesight.
                  | (SInv) [potion of mutation]
  3740 | D:3      | Gained mutation: Your magical capacity is low. (-10% MP)
                  | [potion of mutation]
  3740 | D:3      | Gained mutation: You tend to lose your temper in combat.
                  | [potion of mutation]
  3740 | D:3      | Gained mutation: You are partially covered in slimy green
                  | scales. (AC +2) [potion of mutation]
  3833 | D:3      | Found a runed translucent door.
  3834 | D:3      | Noticed Crazy Yiuf
  3865 | D:3      | Killed Crazy Yiuf
  3865 | D:3      | Reached skill level 1 in Polearms
  3865 | D:3      | Reached XP level 5. HP: 42/42 MP: 5/5
  4004 | D:3      | Reached skill level 4 in Bows
  4169 | D:4      | Noticed a sky beast
  4182 | D:4      | Killed a sky beast
  4266 | D:4      | Found a staircase to the Ecumenical Temple.
  4407 | D:4      | Reached skill level 5 in Bows
  4407 | D:4      | Reached XP level 6. HP: 41/50 MP: 6/6
  4733 | D:4      | Found Ynaej's Book Shop.
  4743 | D:4      | Bought a book of Minor Magic for 260 gold pieces
  4746 | D:4      | Learned a level 2 spell: Blink
  5177 | D:4      | Reached XP level 7. HP: 19/56 MP: 7/7
  5571 | Temple   | Entered the Ecumenical Temple
  5687 | Temple   | Became a worshipper of Yredelemnul the Dark
  5912 | D:5      | Reached skill level 1 in Staves
  6197 | D:5      | Reached skill level 6 in Bows
  6556 | D:5      | Reached skill level 1 in Translocations
  6558 | D:5      | Reached * piety under Yredelemnul
  6745 | D:5      | Reached XP level 8. HP: 21/63 MP: 8/8
  7242 | D:5      | Reached skill level 7 in Bows
  7758 | D:6      | Noticed Blork the orc
  7775 | D:6      | Killed Blork the orc
  7836 | D:6      | Your ally Blork died
  8680 | D:7      | You fall into a shaft and drop 3 floors!
  8680 | D:10     | Entered Level 10 of the Dungeon
  8824 | D:9      | Noticed Gastronok
  8981 | D:8      | Reached skill level 8 in Bows
  9139 | D:7      | Found an ornate altar of the Wu Jian Council.
  9202 | D:6      | Reached skill level 5 in Hexes
  9523 | D:7      | Reached ** piety under Yredelemnul
  9623 | D:7      | Noticed Pikel
  9668 | D:6      | Killed Pikel
  9668 | D:6      | Reached XP level 9. HP: 43/70 MP: 9/9
  9825 | D:7      | Got an ivory long sword
  9826 | D:7      | Identified the +3 long sword "Lyfot" {vamp, *Drain rF+
                  | Int-4 Dex+9} (You found it on level 7 of the Dungeon)
  9861 | D:7      | Learned a level 2 spell: Call Imp
  9941 | D:7      | Noticed Harold
 10010 | D:7      | Killed Harold
 10010 | D:7      | Reached skill level 9 in Bows
 10019 | D:7      | Reached skill level 1 in Summonings
 10358 | D:7      | Found the amulet of the Air {Inacc +Fly rElec EV+5 RMsl}
 11853 | D:8      | Learned a level 3 spell: Dazzling Spray
 11871 | D:9      | Noticed a troll
 11932 | D:8      | Killed a troll
 11932 | D:8      | Reached skill level 1 in Invocations
 11932 | D:8      | Reached XP level 10. HP: 46/78 MP: 8/11
 12206 | D:9      | Reached skill level 1 in Armour
 12310 | D:9      | Reached *** piety under Yredelemnul
 12447 | D:9      | Killed Gastronok
 12447 | D:9      | Reached skill level 5 in Polearms
 12447 | D:9      | Reached skill level 10 in Bows
 12447 | D:9      | Reached skill level 5 in Throwing
 12494 | D:9      | Noticed Joseph
 12517 | D:9      | Killed Joseph
 13263 | D:9      | Reached skill level 11 in Bows
 13544 | D:10     | Noticed Sonja
 13546 | D:10     | Killed Sonja
 13738 | D:10     | Noticed a purple ugly thing
 13753 | D:10     | Killed a purple ugly thing
 13753 | D:10     | Reached XP level 11. HP: 85/85 MP: 13/13
 13963 | D:10     | Noticed an unseen horror
 13972 | D:10     | Killed an unseen horror
 13972 | D:10     | Reached skill level 5 in Fighting
 14057 | D:10     | Received a gift from Yredelemnul (3 flying skulls)
 14502 | D:10     | Learned a level 3 spell: Tukima's Dance
 14548 | D:11     | Noticed a two-headed ogre
 14572 | D:11     | Killed a two-headed ogre
 14572 | D:11     | Reached skill level 1 in Conjurations
 14720 | D:11     | Reached **** piety under Yredelemnul
 15026 | D:11     | Found a staircase to the Lair.
 15081 | Lair:1   | Entered Level 1 of the Lair of Beasts
 15268 | Lair:1   | Found a frozen archway.
 15401 | Lair:1   | Received a gift from Yredelemnul (4 flying skulls)
 15692 | Lair:1   | You fall into a shaft and drop 1 floor!
 15692 | Lair:2   | Noticed a five-headed hydra
 15757 | Lair:2   | Found a staircase to the Swamp.
 16284 | Lair:1   | Received a gift from Yredelemnul (a mummy)
 16357 | Lair:1   | Found a white marble altar of Elyvilon.
 16406 | Lair:1   | Reached skill level 12 in Bows
 16686 | Lair:2   | Reached XP level 12. HP: 94/94 MP: 15/15
 16870 | Lair:2   | Received a gift from Yredelemnul (a wight)
 16919 | Lair:2   | Killed a five-headed hydra
 17001 | Lair:2   | Reached skill level 1 in Evocations
 17240 | Swamp:1  | Entered Level 1 of the Swamp
 17319 | Swamp:1  | Noticed an alligator
 17386 | Swamp:2  | Learned a level 3 spell: Mephitic Cloud
 17510 | Swamp:2  | Got an encrusted hand axe
 17511 | Swamp:2  | Identified the +6 hand axe of Defence {chop, rF- Str+4}
                  | (You found it on level 2 of the Swamp)
 17837 | Lair:3   | Received a gift from Yredelemnul (a wight)
 17993 | Lair:3   | Found a bloodstained altar of Trog.
 18001 | Lair:3   | Noticed Koazxurinno's ghost (journeyman DEFE)
 18034 | Lair:3   | Found a transporter.
 18067 | Lair:3   | Identified the +9 trident "Xiylibas" {drain, rC+ Int+4}
 18308 | Lair:3   | Found a transporter.
 18347 | Lair:3   | Found a hole to the Spider Nest.
 18411 | Lair:3   | Found a hazy altar of Hepliaklqana.
 18764 | Lair:3   | Found a shimmering altar of Xom.
 18912 | Lair:4   | HP: 4/93 [poisoned by a spiny frog]
 19193 | Lair:4   | Received a gift from Yredelemnul (5 flying skulls)
 19586 | Lair:4   | Noticed a death yak
 19596 | Lair:4   | Received a gift from Yredelemnul (a vampire)
 19597 | Lair:4   | Noticed a catoblepas
 19599 | Lair:4   | Killed a death yak
 19599 | Lair:4   | Reached skill level 1 in Axes
 19603 | Lair:4   | HP: 2/94 [meliai/divine providence (15)]
 19603 | Lair:4   | Mangled by a blink frog

Levels and vault maps discovered:
D:1:      dpeg_arrival_erosion, layout_basic
D:2:      layout_basic, first_ration, uniq_robin
D:3:      layout_basic, vehumet_crystals, uniq_crazy_yiuf_cottage
D:4:      layout_rooms, temple_pool_b, serial_shops, nicolae_shop_statue_plus,
          glass_columns_c, kennysheep_generic_room_4
D:5:      layout_loops_corners, kennysheep_small_spiral, minmay_manual_mares
D:6:      layout_rooms, uniq_blork_the_orc
D:7:      layout_basic, basic_altar, uniq_harold, uniq_pikel
D:8:      layout_rooms
D:9:      layout_loops_ring, uniq_joseph, uniq_gastronok
D:10:     layout_loops_ring, uniq_sonja
D:11:     layout_basic, david_lair_shrubbed, gammafunk_ghost_berserking_beasts
Temple:   nicolae_temple_the_god_donut
Lair:1:   layout_loops_ring, serial_rivers, chequers_serial_rivers_room_b,
          chequers_serial_rivers_large_a, chequers_serial_rivers_micro_b,
          chequers_serial_rivers_small_b, portal_ice_cave_entry_pillars_1,
          basic_altar, lemuel_fruit_tree
Lair:2:   layout_cave_shapes, swamp_mist_pool
Lair:3:   layout_loops_ring, nicolae_spider_entry_non_spiders, basic_altar,
          gammafunk_ghost_wrathful_warriors, kb_xom_exploding_sheep
Lair:4:   hangedman_what_comes_after_a, layout_regular_city
Swamp:1:  layout_basic_swamp, evilmike_swamp_ruin_house_2
Swamp:2:  layout_basic_swamp, serial_swamp_ruin, hangedman_swamp_ruin_hall,
          hangedman_swamp_ruin_wall, evilmike_swamp_ruin_rubble_2,
          infiniplex_staircase_pool_2, uniq_donald

Skill      XL: |  1  2  3  4  5  6  7  8  9 10 11 12 |
---------------+-------------------------------------+-----
Hexes          | 3 4 5 6 8 |  8.3
Bows           | 3 5 6 8 9 11 12 | 12.7
Fighting       | 2 3 4 5 |  5.6
Throwing       | 1 2 3 4 5 7 |  7.4
Polearms       | 1 2 4 5 6 7 |  7.8
Dodging        | 2 3 |  3.8
Staves         | 2 3 |  3.1
Translocations | 1 2 3 4 |  4.8
Spellcasting   | 2 3 |  3.6
Summonings     | 1 2 |  2.2
Invocations    | 1 2 3 4 |  4.1
Armour         | 1 |  1.2
Conjurations   | 3 4 |  4.2
Evocations     | 1 |  1.4
Axes           | 1 |  1.1
Maces & Flails | |  0.8
Stealth        | |  0.4

Action                   |  1- 3 |  4- 6 |  7- 9 | 10-12 || total
-------------------------+-------+-------+-------+-------++-------
Melee: Spear             |    29 |    53 |       |       ||    82
       Whip              |     9 |    21 |    43 |    16 ||    89
       Kick              |     5 |    31 |    30 |    62 ||   128
       Mace              |       |    23 |       |    14 ||    37
       Trident           |       |    49 |    10 |   120 ||   179
       Quarterstaff      |       |    20 |   131 |   102 ||   253
       Glaive            |       |       |    11 |     7 ||    18
       Short sword       |       |       |     2 |    10 ||    12
       Hand axe          |       |       |       |    33 ||    33
 Fire: Shortbow          |   102 |    36 |   219 |   384 ||   741
Throw: Stone             |    33 |    83 |     5 |       ||   121
       Dart              |       |       |   116 |   261 ||   377
       Throwing net      |       |       |       |     1 ||     1
 Cast: Portal Projectile |     4 |       |     9 |    55 ||    68
       Blink             |       |       |     4 |    30 ||    34
       Call Imp          |       |       |    13 |    24 ||    37
       Dazzling Spray    |       |       |     2 |    45 ||    47
       Tukima's Dance    |       |       |       |     3 ||     3
Invok: Animate Remains   |       |       |    22 |     2 ||    24
       Animate Dead      |       |       |       |    51 ||    51
       Recall Undead Sla |       |       |       |     5 ||     5
Evoke: Wand              |       |       |     1 |    24 ||    25
  Use: Scroll            |     4 |     4 |     7 |    23 ||    38
       Potion            |       |     2 |     3 |     7 ||    12
 Stab: Invisible         |       |       |     1 |     1 ||     2
       Petrifying        |       |       |       |     1 ||     1
       Distracted        |       |       |       |     5 ||     5
       Paralysed         |       |       |       |     2 ||     2
  Eat: Ration            |     1 |     1 |     8 |     8 ||    18
       Chunk             |       |     6 |     3 |    32 ||    41
Armor: Robe              |    19 |       |    24 |       ||    43
       Animal skin       |     4 |    80 |    27 |       ||   111
       Skin              |       |       |    24 |       ||    24
       Troll leather arm |       |       |       |   111 ||   111
Dodge: Dodged            |    26 |   104 |   112 |   151 ||   393
